 Dungeon Crawl Stone Soup version 0.16-a0-3354-g045d5c7 (webtiles) character file.

3271 MackTheKnife the Basher (level 10, -6/108 HPs)
             Began as an Octopode Berserker on Dec 29, 2014.
             Was an Elder of Trog.
             Killed from afar by Maurice (13 damage)
             ... with a wand of draining
             ... on level 8 of the Dungeon.
             The game lasted 00:14:06 (8383 turns).

MackTheKnife the Basher (Octopode Berserker)        Turns: 8383, Time: 00:14:06

Health: -6/108     AC:  2    Str: 22    XL:     10   Next: 0%
Magic:  19/19      EV: 13    Int:  9    God:    Trog [****..]
Gold:   496        SH:  5    Dex: 15    Spells: 0 memorised, 9 levels left

rFire  . . .     SeeInvis .     m - +0 whip (flame) (curse)
rCold  + . .     Clarity  .     i - +2 buckler
rNeg   . . .     SustAb   .     u - +1 hat
rPois  +         Gourm    .     (no amulet)
rElec  .         Spirit   .     h - ring of flight
rCorr  .         Warding  .     x - ring of poison resistance
rMut   .         Stasis   .     z - +3 ring of evasion
MR     .....                    C - ring of magical power
Stlth  ..........               D - ring of protection from cold
                                (no ring)
                                (no ring)
                                (no ring)

@: berserking (expiring), very heavily drained, very quick, not resistant to
hostile enchantments, extremely unstealthy
A: almost no armour, amphibious, 8 rings, constrict 8, camouflage 1, gelatinous
body 1
a: Burn Spellbooks, Berserk, Trog's Hand, Brothers in Arms, Renounce Religion,
Evoke Flight


You were on level 8 of the Dungeon.
You worshipped Trog.
Trog was greatly pleased with you.
You were not hungry.

You visited 2 branches of the dungeon, and saw 9 of its levels.

You collected 496 gold pieces.


Innate Abilities, Weirdness & Mutations

You cannot wear most types of armour.
You are amphibious.
You can wear up to eight rings at the same time.
You can use your tentacles to constrict many enemies at once.
Your skin changes colour to match your surroundings (Stealth).
Your rubbery body absorbs attacks (AC +1).


   Skills:
 - Level 8.2(4.7) Fighting
 - Level 11.6(7.8) Maces & Flails
 + Level 3.0(0.0) Dodging


You had 9 spell levels left.
You didn't know any spells.

Inventory:

Hand weapons
 m - a cursed +0 whip of flaming (weapon)
Missiles
 a - a throwing net
 d - 25 stones (quivered)
 w - 4 javelins of penetration
Armour
 i - a +2 buckler (worn)
 u - a +1 hat (worn)
Jewellery
 h - a ring of flight (left tentacle)
 x - a ring of poison resistance (right tentacle)
 z - a +3 ring of evasion (on tentacle)
 C - a ring of magical power (on tentacle)
 D - a ring of protection from cold (on tentacle)
Magical devices
 t - a wand of polymorph (7)
 y - a wand of digging (11)
Scrolls
 b - 2 scrolls of teleportation
 e - 3 scrolls of remove curse
 f - a scroll of blinking
 q - a scroll of identify
Potions
 j - a potion of invisibility {unknown}
 k - 4 potions of heal wounds {unknown}
 l - 6 potions of curing {unknown}
 n - 2 potions of brilliance
 o - 3 potions of haste {unknown}
 p - a potion of lignification {unknown}
 s - 2 potions of ambrosia {unknown}
Comestibles
 c - 4 bread rations
 g - a slice of pizza
 r - a beef jerky
 v - 4 fruits
 A - 2 chunks of flesh

{@*1} ########
#.# ........##
#)#
...#.....######)#
#....>.........#
#.#.....########
# #.##...## ####.
#.###.## ##
#.....#.###.## ..
#.g{x##†).##.#
####.........#
#.##...#..#
#....(.<..#
.........##.##
.....##### .#
###### #


You could see a hobgoblin.


Message History

You closely miss something.
You hear a zap.
The bolt of negative energy hits you!
You feel drained.
* * * LOW HITPOINT WARNING * * *
You hit something. You burn something. You whack something! You burn something.
You hear a zap.
The bolt of negative energy hits you!
You feel drained.
* * * LOW HITPOINT WARNING * * *
You are too berserk!
You whack something! You burn something.
Unknown command.
You closely miss something.
Unknown command.
You miss something.
You hear a zap.
The bolt of negative energy hits you!
You feel drained.
* * * LOW HITPOINT WARNING * * *
Unknown command.
You barely miss something. You miss something. Something hits you.
* * * LOW HITPOINT WARNING * * *
Something steals your dagger of chaos!
Unknown command.
You miss something.
Unknown command.
You barely miss something.
You hear a zap.
The bolt of negative energy hits you!
You feel drained.
You die...

Action                   |  1- 3 |  4- 6 |  7- 9 | 10-12 || total
-------------------------+-------+-------+-------+-------++-------
Melee: Mace              |    47 |    62 |       |       ||   109
       Flail             |       |    50 |    31 |       ||    81
       Whip              |       |       |   280 |    19 ||   299
Throw: Stone             |       |     1 |     9 |       ||    10
Invok: Berserk           |     1 |     3 |    11 |     1 ||    16
       Trog's Hand       |       |     1 |     2 |       ||     3
       Burn Spellbooks   |       |       |     1 |       ||     1
Evoke: Wand              |       |       |     1 |       ||     1
  Use: Scroll            |       |     7 |     4 |       ||    11
 Stab: Sleeping          |     3 |     6 |     3 |       ||    12
       Distracted        |       |       |     1 |       ||     1
  Eat: Chunk             |     1 |    11 |    18 |       ||    30
       Meat ration       |       |       |     1 |       ||     1
       Bread ration      |       |       |     1 |       ||     1

Vault maps used:
D:1:      minmay_arrival_semitransparent
D:2:      grunt_decor_mini_mirrors, okawaru_altar_gauntlet_db, uniq_jessica,
          uniq_iyjb, uniq_terence
D:3:      makhleb_heckhound_becter, serial_curves, eino_curves_04,
          eino_curves_03, grunt_decor_one_mirror
D:4:      uniq_natasha, uniq_eustachio, uniq_pikel
D:5:      first_bread, serial_corexii_hall, corexii_hall_statues_x,
          corexii_hall_statues_x, lemuel_flamethrower_2, uniq_prince_ribbit1
D:6:      minmay_temple_entry_butterflies, abandoned_shop, uniq_menkaure
D:7:      serial_shops, shop_fountains
D:8:      lemuel_oklob_altar, uniq_psyche, uniq_maurice
Temple:   kilobyte_greek_temple_18

Notes
Turn   | Place    | Note
--------------------------------------------------------------
     0 | D:1      | MackTheKnife, the Octopode Berserker, began the quest for the Orb.
     0 | D:1      | Reached XP level 1. HP: 16/16 MP: 1/1
   150 | D:1      | Reached XP level 2. HP: 13/21 MP: 2/2
   813 | D:2      | Noticed Terence
   822 | D:2      | Killed Terence
   822 | D:2      | Reached skill level 4 in Maces & Flails
   822 | D:2      | Reached XP level 3. HP: 26/26 MP: 3/3
   901 | D:2      | Noticed Jessica
   913 | D:2      | Killed Jessica
  1024 | D:2      | Noticed Ijyb
  1032 | D:2      | Killed Ijyb
  1032 | D:2      | Acquired Trog's second power
  1032 | D:2      | Reached skill level 5 in Maces & Flails
  1032 | D:2      | Reached XP level 4. HP: 25/31 MP: 4/4
  1060 | D:2      | Found an iron altar of Okawaru.
  2234 | D:3      | Reached XP level 5. HP: 20/36 MP: 5/5
  2340 | D:3      | Found a burning altar of Makhleb.
  2693 | D:3      | Reached skill level 6 in Maces & Flails
  3237 | D:4      | Reached XP level 6. HP: 38/42 MP: 6/6
  3308 | D:4      | Noticed BluebellGnoll's ghost (average OpWn)
  3322 | D:4      | Killed BluebellGnoll's ghost
  3322 | D:4      | Reached skill level 7 in Maces & Flails
  3425 | D:4      | Noticed Natasha
  3429 | D:4      | Killed Natasha
  3586 | D:4      | Reached XP level 7. HP: 46/46 MP: 7/7
  3588 | D:4      | Reached skill level 8 in Maces & Flails
  3802 | D:4      | Noticed Natasha
  3810 | D:4      | Killed Natasha
  3953 | D:4      | Noticed a slave
  3956 | D:4      | Noticed Pikel
  3956 | D:4      | Noticed a slave
  3957 | D:4      | Noticed a slave
  3957 | D:4      | Noticed a slave
  3965 | D:4      | Killed a slave
  3968 | D:4      | Killed Pikel
  3968 | D:4      | Reached skill level 10 in Maces & Flails
  3968 | D:4      | Reached XP level 8. HP: 52/52 MP: 8/8
  4003 | D:4      | Noticed an ogre
  4014 | D:4      | Killed an ogre
  4144 | D:4      | Noticed Eustachio
  4155 | D:4      | Killed Eustachio
  4241 | D:4      | Noticed Natasha
  4246 | D:4      | Killed Natasha
  4365 | D:5      | Entered Level 5 of the Dungeon
  4377 | D:5      | Acquired Trog's third power
  4545 | D:5      | Reached skill level 11 in Maces & Flails
  4743 | D:5      | Noticed archlich's ghost (average DsEn)
  4753 | D:5      | Killed archlich's ghost
  4753 | D:5      | Reached XP level 9. HP: 56/56 MP: 9/9
  4885 | D:5      | Noticed Prince Ribbit
  4929 | D:5      | Killed Prince Ribbit
  4929 | D:5      | Reached skill level 4 in Fighting
  5264 | D:6      | Found a staircase to the Ecumenical Temple.
  5522 | D:6      | Noticed Menkaure
  5531 | D:6      | Killed Menkaure
  5673 | D:6      | Reached skill level 5 in Fighting
  6040 | D:6      | Reached skill level 6 in Fighting
  6900 | Temple   | Entered the Ecumenical Temple
  7045 | D:7      | Found Skohessa's Gadget Shoppe.
  7108 | D:7      | Reached skill level 7 in Fighting
  7253 | D:7      | Received a gift from Trog
  8221 | D:8      | Noticed Psyche
  8222 | D:8      | Noticed Psyche
  8222 | D:8      | Psyche changed into Psyche the wolf
  8228 | D:8      | Killed Psyche the wolf
  8355 | D:8      | Reached skill level 8 in Fighting
  8355 | D:8      | Reached XP level 10. HP: 72/72 MP: 10/10
  8365 | D:8      | Noticed Maurice
  8381 | D:8      | HP: 6/108 [something (6)]
  8383 | D:8      | Killed from afar by Maurice

Vanquished Creatures
  Pikel (D:4)
  Prince Ribbit (D:5)
  The ghost of archlich the Sneak, an average DsEn (D:5)
  Eustachio (D:4)
  A wolf (D:8)
  Menkaure (D:6)
  The ghost of BluebellGnoll the Sneak, an average OpWn (D:4)
  A slave (D:4)
  A sky beast (D:7)
  An orc warrior (D:6)
  5 ogres
  3 centaurs
  3 giant frogs
  2 crimson imps
  A giant frog zombie (D:6)
  A centaur skeleton (D:4)
  2 orc priests (D:6)
  A jelly (D:8)
  A centaur zombie (D:5)
  6 hounds
  4 orc wizards
  Natasha (thrice) (D:4)
  An iguana (D:6)
  A worker ant (D:4)
  Ijyb (D:2)
  Jessica (D:2)
  A hound zombie (D:7)
  Terence (D:2)
  2 hound skeletons
  6 adders
  A gnoll (D:2)
  A river rat (D:4)
  A worker ant zombie (D:8)
  2 worms (D:2)
  An adder skeleton (D:6)
  2 giant geckos
  22 orcs
  2 ball pythons
  3 bat skeletons
  6 giant cockroaches
  14 goblins
  12 hobgoblins
  15 jackals
  12 kobolds
  4 quokkas
  10 bats
  6 giant newts
  A giant spore (D:8)
  12 rats
  A ballistomycete (D:8)
184 creatures vanquished.

Vanquished Creatures (others)
  An orc wizard (D:4)
  2 orcs
  A bat zombie (D:5)
  A bat (D:5)
  A kobold (D:5)
6 creatures vanquished.

Grand Total: 190 creatures vanquished
